 Dungeon Crawl Stone Soup version 0.31.0-9-g3a7656b989 (webtiles) character file.

Game seed: 12692526606415258492

112 qw the Shooter (level 4, 0/23 HPs)
             Began as a Spriggan Hunter on Feb 2, 2024.
             Slain by Terence
             ... wielding a +2 heavy mace
              (1 damage)
             ... on level 2 of the Dungeon.
             The game lasted 00:00:05 (1269 turns).

qw the Shooter (Spriggan Hunter)                    Turns: 1269, Time: 00:00:05

Health: 0/23       AC:  2    Str:  7    XL:     4   Next: 63%
Magic:  5/5        EV: 20    Int: 10    God:
Gold:   69         SH:  0    Dex: 20    Spells: 3/3 levels left

rFire   . . .        a - +0 shortbow
rCold   . . .        (shield currently unavailable)
rNeg    . . .        c - +0 robe
rPois   .            (helmet restricted)
rElec   .            (no cloak)
rCorr   .            (gloves unavailable)
SInv    +            (boots unavailable)
Will    .....        (no amulet)
Stlth   ++           (no ring)
HPRegen 0.23/turn    (no ring)
MPRegen 0.09/turn

%: no passive effects
@: very quick
A: very small, no large weapons, unfitting armour, see invisible, speed 3
a: no special abilities


You were on level 2 of the Dungeon.
You visited 1 branch of the dungeon, and saw 2 of its levels.

You collected 69 gold pieces.


Innate Abilities, Weirdness & Mutations

You are very small and have problems with some larger weapons.
You are too small for most types of armour.
You have supernaturally acute eyesight. (SInv)
You cover ground extremely quickly. (Speed+++)


   Skills:
 + Level 1.8 Fighting
 - Level 5.0 Ranged Weapons
 - Level 5.0 Dodging
 - Level 1.5 Stealth


You had 3 spell levels left.
You didn't know any spells.
Your spell library was empty.

Inventory:

Hand Weapons
 a - a +0 shortbow (weapon)
Armour
 c - a +0 robe (worn)
Scrolls
 b - a scroll of immolation {unknown}
Potions
 d - a potion of haste {unknown}
 f - 2 potions of curing {unknown}

Dungeon Overview and Level Annotations

Branches:
Dungeon (2/15)

Altars:

Shops:
D:2 :

Annotations:
D:2 Terence


Message History

The jackal closely misses you. The jackal completely misses you.
The jackal bites you but does no damage.
The ball python moves out of view.
You shoot an arrow. The arrow hits the jackal.
You kill the jackal!
You feel sick.
You are no longer poisoned.
The bat misses you. The jackal closely misses you.
The jackal barely misses you. The jackal bites you.
You shoot an arrow.
The arrow hits Terence but does no damage.
The jackal bites you but does no damage.
The jackal closely misses you. Terence hits you with a +2 heavy mace.
The jackal barely misses you.
You shoot an arrow. The arrow hits Terence.
Terence is moderately wounded.
The jackal misses you. x2; The jackal completely misses you.
Terence closely misses you. The jackal misses you.
You shoot an arrow.
The arrow hits Terence but does no damage.
Terence is moderately wounded.
The jackal closely misses you. The jackal misses you.
The jackal completely misses you.
You shoot an arrow.
The arrow hits Terence but does no damage.
Terence is moderately wounded.
The jackal closely misses you. Terence misses you.
The jackal closely misses you. The jackal barely misses you.
You shoot an arrow.
The arrow hits Terence but does no damage.
Terence is moderately wounded.
The jackal bites you. The jackal misses you. Terence completely misses you.
The jackal bites you.
You shoot an arrow.
The arrow hits Terence but does no damage.
Terence is moderately wounded.
The jackal bites you. The jackal misses you. The jackal closely misses you.
Terence hits you with a +2 heavy mace.
You die...
Terence says, "Time to find some more victims."

### #### ..# #..## . ..#
#...###### ... .##
#.....%%.###..... .#
##.#####.@hb..... ## #.#
##h@b.....
#########[######.##.....
.................# ....
##########.######. ...
##### #.# . .. ....# #.#
.# # ....# #.# ## ....#
#.#


You could see Terence, 2 jackals and 2 bats.

Vanquished Creatures
  Jessica (D:2)
  Robin (D:2)
  2 adders (D:2)
  A ribbon worm (D:2)
  A bat (D:1)
  5 endoplasms
  13 goblins
  5 hobgoblins
  A jackal (D:2)
  4 kobolds (D:1)
  2 quokkas
  6 ball pythons
  4 frilled lizards (D:1)
  4 rats
50 creatures vanquished.

Notes
Turn   | Place    | Note
-------+----------+-------------------------------------------
     0 | D:1      | qw the Spriggan Hunter began the quest for the Orb.
     0 | D:1      | Reached XP level 1. HP: 10/10 MP: 2/2
     0 | D:1      | 0 ||| qw: Version: 0.3-a-155-g5e7d8dd
     0 | D:1      | 0 ||| qw: Game counter: 1002
     0 | D:1      | 0 ||| qw: Melee chars always use a shield: true
     0 | D:1      | 0 ||| qw: God list: Okawaru
     0 | D:1      | 0 ||| qw: Allow faded altars: false
     0 | D:1      | 0 ||| qw: Do Orc after clearing Dungeon:15 true
     0 | D:1      | 0 ||| qw: Do second Lair branch before Depths: true
     0 | D:1      | 0 ||| qw: Lair rune preference: random
     0 | D:1      | 0 ||| qw: Goals: Normal
     0 | D:1      | 0 ||| PLANNING D:1-11
    16 | D:1      | Reached skill level 3 in Dodging
   137 | D:1      | Reached XP level 2. HP: 12/13 MP: 3/3
   702 | D:1      | 702 ||| READING scroll labelled SAPYGU QUSENN.
   703 | D:1      | 703 ||| READING scroll labelled MIOMUL QALA.
   703 | D:1      | 703 ||| IDENTIFYING fuming coppery potion
   704 | D:1      | 704 ||| READING scroll labelled NINNUO PUAFIAPT.
   805 | D:1      | 805 ||| DROPPING scroll of butterflies.
   806 | D:1      | 806 ||| DROPPING potion of lignification.
   893 | D:2      | Found Keamu's Book Emporium.
   901 | D:2      | Reached XP level 3. HP: 18/18 MP: 4/4
   941 | D:2      | Noticed Robin
   945 | D:2      | Killed Robin
   946 | D:2      | 946 ||| FLEEEEING.
   948 | D:2      | 948 ||| FLEEEEING.
   949 | D:2      | 949 ||| FLEEEEING.
   950 | D:2      | 950 ||| FLEEEEING.
   951 | D:2      | 951 ||| FLEEEEING.
   952 | D:2      | 952 ||| FLEEEEING.
   953 | D:2      | 953 ||| FLEEEEING.
   954 | D:2      | 954 ||| FLEEEEING.
   955 | D:2      | 955 ||| FLEEEEING.
   956 | D:2      | 956 ||| FLEEEEING.
   957 | D:2      | 957 ||| FLEEEEING.
   960 | D:2      | 960 ||| FLEEEEING.
   961 | D:2      | 961 ||| FLEEEEING.
   962 | D:2      | 962 ||| FLEEEEING.
   963 | D:2      | 963 ||| STAIRDANCE
  1077 | D:2      | Noticed Jessica
  1081 | D:2      | Killed Jessica
  1082 | D:2      | Reached XP level 4. HP: 22/22 MP: 5/5
  1256 | D:2      | Noticed Terence
  1264 | D:2      | HP: 5/23 [Terence/+2 heavy mace (5)]
  1268 | D:2      | HP: 2/23 [jackal (1)]
  1269 | D:2      | Slain by Terence

Levels and vault maps discovered:
D:1:      psy_arrival_dodecagon, layout_basic, minmay_door_square,
          grunt_decor_cap
D:2:      layout_rooms, serial_shops, shop, uniq_robin, uniq_terence,
          uniq_jessica

Skill      XL: |  1  2  3  4 |
---------------+-------------+-----
Dodging        | 3 4 5 |  5.0
Ranged Weapons | 5 |  5.0
Fighting       | |  1.8
Stealth        | |  1.5

Action                     |  1- 3 |  4- 6 || total
---------------------------+-------+-------++-------
   Fire: Shortbow          |    98 |    39 ||   137
    Use: Scroll            |     3 |       ||     3
 Armour: Robe              |    12 |    18 ||    30
  Dodge: Dodged            |    28 |    45 ||    73

Table legend:
 A = Non-vault XP
 B = Vault XP
 C = Vault XP percentage of total XP
 D = Non-vault monster count
 E = Vault monster count
 F = Vault count percentage of total count
                 A         B        C        D         E       F
            +---------+---------+-------+---------+---------+-------
      Total |      88 |      72 |  45.0 |      38 |      12 |  24.0
            +---------+---------+-------+---------+---------+-------
        D:1 |      39 |       0 |   0.0 |      24 |       0 |   0.0
        D:2 |      49 |      72 |  59.5 |      14 |      12 |  46.2
            +---------+---------+-------+---------+---------+-------
